 Dungeon Crawl Stone Soup version 0.26.0-10-g1f06aea511 (webtiles) character file.

Game seed: 16271576541818435142

62 MajorAdolf the Skirmisher (level 3, -7/29 HPs)
             Began as a Demonspawn Wanderer on Jan 17, 2021.
             Killed by divine providence
             ... invoked by an orc priest
              (11 damage)
             ... on level 3 of the Dungeon on Jan 18, 2021.
             The game lasted 00:07:00 (3211 turns).

MajorAdolf the Skirmisher (Demonspawn Wanderer)     Turns: 3211, Time: 00:07:00

Health: -7/29      AC:  5    Str: 14    XL:     3   Next: 85%
Magic:  0/6        EV: 10    Int: 13    God:
Gold:   103        SH:  0    Dex: 11    Spells: 5/6 levels left

rFire    . . .     SeeInvis .   a - +0 club
rCold    . . .     Faith    .   (no shield)
rNeg     . . .     Spirit   +   f - +0 ring mail
rPois    .         Reflect  .   (no helmet)
rElec    .         Harm     .   (no cloak)
rCorr    .         Rampage  .   (no gloves)
Will     .....                  (no boots)
Stlth    +.........             (no amulet)
HPRegen  0.09/turn              (no ring)
MPRegen  0.10/turn              (no ring)

@: no status effects
A: magic shield, miasma immunity
a: no special abilities


You were on level 3 of the Dungeon.
You visited 1 branch of the dungeon, and saw 3 of its levels.

You collected 103 gold pieces.

Inventory:

Hand Weapons
 a - a +0 club (weapon)
Armour
 c - a +0 robe
 f - a +0 ring mail (worn)
 g - a cursed +0 plate armour
Scrolls
 d - a scroll of identify {unknown}
 e - a scroll of enchant weapon {unknown}
 i - 2 scrolls of remove curse {unknown}
 l - a scroll of teleportation {unknown}
Potions
 b - 3 potions of curing
 h - 2 potions of mutation {unknown}
 j - a potion of lignification {unknown}
 k - a potion of heal wounds {unknown}


   Skills:
 + Level 3.3 Fighting
 * Level 1.7 Axes
 - Level 1.0 Throwing
 + Level 1.0 Armour
 + Level 1.0 Dodging
 + Level 1.1 Shields
 - Level 2.0 Spellcasting
 - Level 1.0 Hexes
 - Level 1.7 Air Magic
 - Level 1.0 Evocations


You had 5 spell levels left.
You knew the following spells:

 Your Spells              Type           Power        Failure   Level
a - Shock                 Conj/Air       12%          36%         1

Your spell library contained the following spells:

 Spells                   Type           Power        Failure   Level
 Swiftness                Air            5%           36%         2
 Static Discharge         Conj/Air       3%           73%         3
 Airstrike                Air            2%           94%         4
 Lightning Bolt           Conj/Air       1%           100%        5


Dungeon Overview and Level Annotations

Branches:
Dungeon (3/15)

Altars:
Wu Jian

Annotations:
D:2 Terence


Innate Abilities, Weirdness & Mutations

When hurt, damage is shared between your health and your magic reserves.
You are immune to miasma.


Message History

Deactivating autopickup; reactivate with Ctrl-A.
The orc hits you but does no damage.
You hit the orc but do no damage.
The orc is severely wounded.
The orc hits you but does no damage. x2
You barely miss the orc.
The orc is severely wounded.
The orc hits you but does no damage.
You hit the orc but do no damage.
The orc is severely wounded.
The orc closely misses you.
You barely miss the orc.
The orc is severely wounded.
The orc priest calls upon Beogh to heal the orc.
The orc hits you but does no damage.
You barely miss the orc.
The orc is severely wounded.
The orc priest mumbles some strange prayers to Beogh against you.
Beogh smites you!
You die...

#......###.#
#...)o###
###.<...#######
#o###.......# ##)#
#######.. #.o# .####
##.## #
......####o..# .#
#..@o{o..######.###.
######o...........?.
#.#.......#....
#......#.$....#
#....#.....#.
#...#....#....#
#.#...#...# ..#
#....#..#..# #
###.#.#.#.#.#


You could see an orc priest and 3 orcs.

Vanquished Creatures
  An adder (D:3)
  An ooze (D:1)
  A dart slug (D:3)
  2 orcs (D:3)
  3 giant cockroaches (D:1)
  5 goblins
  4 hobgoblins (D:1)
  7 jackals
  3 kobolds (D:1)
  A ball python (D:1)
  5 bats
  4 frilled lizards (D:1)
  3 rats (D:3)
40 creatures vanquished.

Notes
Turn   | Place    | Note
-------+----------+-------------------------------------------
     0 | D:1      | MajorAdolf the Demonspawn Wanderer began the quest for the
                  | Orb.
     0 | D:1      | MajorAdolf set off with the following items: a +0 club, 2
                  | potions of curing, a +0 robe; and the following spell
                  | memorised: Shock; and the following spells available to
                  | memorise: Swiftness, Static Discharge, Airstrike, Lightning
                  | Bolt
     0 | D:1      | Reached XP level 1. HP: 18/18 MP: 3/3
   703 | D:1      | Gained mutation: You are immune to miasma. [demonic
                  | ancestry]
   703 | D:1      | Reached XP level 2. HP: 24/24 MP: 0/5
   844 | D:1      | Reached skill level 1 in Axes
  1668 | D:1      | Gained mutation: When hurt, damage is shared between your
                  | health and your magic reserves. [demonic ancestry]
  1668 | D:1      | Reached XP level 3. HP: 29/29 MP: 6/6
  2024 | D:2      | Found an ornate altar of the Wu Jian Council.
  2044 | D:2      | Noticed Terence
  2691 | D:3      | Reached skill level 1 in Shields
  2756 | D:3      | Reached skill level 1 in Armour
  2756 | D:3      | Reached skill level 1 in Dodging
  3211 | D:3      | Killed from afar by an orc priest

Illustrated notes

Levels and vault maps discovered:
D:1:      heliophobic_arrival_glass_houses, layout_basic, minivault_27
D:2:      layout_basic, overflow_temple_1_default, uniq_terence
D:3:      layout_rooms, nzn_hepliaklqana_mist_gate,
          nicolae_qazlal_style_of_elements, zin_scriptorium,
          minmay_increasing_density

Skill      XL: |  1  2  3 |
---------------+----------+-----
Axes           | 1 |  1.7
Shields        | 1 |  1.1
Armour         | 1 |  1.0
Dodging        | 1 |  1.0
Fighting       | |  3.3
Throwing       | |  1.0
Spellcasting   | |  2.0
Hexes          | |  1.0
Air Magic      | |  1.7
Evocations     | |  1.0

Action                   || total
-------------------------++-------
Melee: Club              ||   169
 Cast: Shock             ||    41
Armor: Robe              ||    12
       Ring mail         ||   113
Dodge: Dodged            ||   170
